% Time on Ice - EDMONTON ICE
Lines # - Real PCT - Wanted PCT - Time Play
Normal Forward
1 - 35% - 37% - 15:15
2 - 33% - 34% - 14:07
3 - 23% - 23% - 10:06
4 - 9% - 6% - 3:49
Normal Defense
1 - 34% - 37% - 14:44
2 - 37% - 33% - 16:08
3 - 23% - 23% - 9:51
4 - 6% - 7% - 2:34
PP Forward
1 - 47% - 55% - 2:49
2 - 53% - 45% - 3:08
PP Defense
1 - 56% - 55% - 3:19
2 - 44% - 45% - 2:38
PK Forward
1 - 60% - 57% - 5:58
2 - 40% - 43% - 3:58
PK Defense
1 - 45% - 57% - 4:31
2 - 55% - 43% - 5:25
PK3 Forward
1 - 0% - 55%
2 - 0% - 45%
PK3 Defense
1 - 0% - 55%
2 - 0% - 45%
44 Forward
1 - 0% - 55%
2 - 0% - 45%
44 Defense
1 - 0% - 55%
2 - 0% - 45%
Last Minute Offensive  - 0:00
Last Minute Defensive  - 0:50
Total
Forward - 60:00
Defense - 60:00
% Time on Ice - ANAHEIM OUTLAWS
Lines # - Real PCT - Wanted PCT - Time Play
Normal Forward
1 - 30% - 29% - 12:59
2 - 26% - 29% - 11:07
3 - 27% - 26% - 11:41
4 - 18% - 16% - 7:39
Normal Defense
1 - 38% - 36% - 16:27
2 - 33% - 31% - 14:15
3 - 28% - 23% - 12:19
4 - 1% - 10% - 0:25
PP Forward
1 - 41% - 55% - 4:04
2 - 59% - 45% - 5:52
PP Defense
1 - 53% - 55% - 5:15
2 - 47% - 45% - 4:41
PK Forward
1 - 58% - 55% - 3:27
2 - 42% - 45% - 2:30
PK Defense
1 - 43% - 55% - 2:35
2 - 57% - 45% - 3:22
PK3 Forward
1 - 0% - 55%
2 - 0% - 45%
PK3 Defense
1 - 0% - 55%
2 - 0% - 45%
44 Forward
1 - 0% - 55%
2 - 0% - 45%
44 Defense
1 - 0% - 55%
2 - 0% - 45%
Last Minute Offensive  - 0:41
Last Minute Defensive  - 0:00
Total
Forward - 60:00
Defense - 60:00
Play-by-Play 1st period 0:01 of 1st period - Ryan O'Reilly wins face-off versus John Tavares in neutral zone. 0:04 of 1st period - Shot by Anthony Mantha. 0:04 of 1st period - Stopped by Mackenzie Blackwood without a rebound. 0:05 of 1st period - Joel Eriksson Ek wins face-off versus Kasperi Kapanen in ANAHEIM OUTLAWS zone. 0:47 of 1st period - Icing by Jordan Staal. 0:48 of 1st period - Jordan Staal wins face-off versus Ryan O'Reilly in ANAHEIM OUTLAWS zone. 0:55 of 1st period - Ryan O'Reilly is hit by Kasperi Kapanen and loses puck. 1:02 of 1st period - Jordan Staal is hit by Anthony Mantha. 1:06 of 1st period - Shot by Anthony Mantha. 1:06 of 1st period - Stopped by Mackenzie Blackwood without a rebound. 1:07 of 1st period - Sam Bennett wins face-off versus Mikko Koivu in ANAHEIM OUTLAWS zone. 2:03 of 1st period - Shot by Anthony Mantha. 2:03 of 1st period - Stopped by Mackenzie Blackwood without a rebound. 2:04 of 1st period - John Tavares wins face-off versus Anthony Mantha in ANAHEIM OUTLAWS zone. 2:08 of 1st period - Minor Penalty to Jeff Petry for Tripping. 2:09 of 1st period - John Tavares wins face-off versus Boone Jenner in EDMONTON ICE zone. 2:30 of 1st period - Shot by Kevin Fiala. 2:30 of 1st period - Stopped by Philipp Grubauer with a rebound. 3:14 of 1st period - Shot by Kasperi Kapanen. 3:14 of 1st period - Shot Misses the Net. 3:20 of 1st period - Shot by Jordan Staal. 3:20 of 1st period - Deflect By Adrian Kempe. 3:20 of 1st period - Stopped by Philipp Grubauer without a rebound. 3:21 of 1st period - Boone Jenner wins face-off versus Jordan Staal in EDMONTON ICE zone. 4:12 of 1st period - Minor Penalty to Matt Benning for Tripping. 4:13 of 1st period - Ryan O'Reilly wins face-off versus John Tavares in ANAHEIM OUTLAWS zone. 5:11 of 1st period - Icing by Anthony Mantha. 5:12 of 1st period - Joel Eriksson Ek wins face-off versus Kasperi Kapanen in EDMONTON ICE zone. 6:10 of 1st period - Icing by Ryan O'Reilly. 6:11 of 1st period - John Tavares wins face-off versus Timo Meier in EDMONTON ICE zone. 6:36 of 1st period - Shot by Boone Jenner. 6:36 of 1st period - Shot Hit the Post. 6:44 of 1st period - Mikko Koivu is hit by Frederik Gauthier and loses puck. 7:01 of 1st period - Shot by Michael Grabner. 7:01 of 1st period - Stopped by Philipp Grubauer without a rebound. 7:02 of 1st period - John Tavares wins face-off versus Ryan O'Reilly in EDMONTON ICE zone. 7:03 of 1st period - Shot by Kevin Fiala. 7:03 of 1st period - Shot Blocked by Anthony Mantha. 7:22 of 1st period - Shot by Ryan O'Reilly. 7:22 of 1st period - Stopped by Mackenzie Blackwood without a rebound. 7:23 of 1st period - Jordan Staal wins face-off versus Joel Eriksson Ek in ANAHEIM OUTLAWS zone. 7:23 of 1st period - Kasperi Kapanen is hit by Patric Hornqvist and loses puck. 7:33 of 1st period - Kasperi Kapanen is hit by Ryan Graves and loses puck. 7:56 of 1st period - Shot by Jordan Staal. 7:56 of 1st period - Stopped by Philipp Grubauer without a rebound. 7:57 of 1st period - Ryan O'Reilly wins face-off versus John Tavares in EDMONTON ICE zone. 9:04 of 1st period - Shot by Richard Panik. 9:04 of 1st period - Shot Misses the Net. 9:27 of 1st period - Icing by Justin Faulk. 9:28 of 1st period - Joel Eriksson Ek wins face-off versus Sam Bennett in ANAHEIM OUTLAWS zone. 9:39 of 1st period - Shot by Patric Hornqvist. 9:39 of 1st period - Deflect By Timo Meier. 9:39 of 1st period - Shot Misses the Net. 9:41 of 1st period - Shot by Timo Meier. 9:41 of 1st period - Shot Misses the Net. 9:57 of 1st period - Shot by Timo Meier. 9:57 of 1st period - Stopped by Mackenzie Blackwood without a rebound. 9:58 of 1st period - Mikko Koivu wins face-off versus John Tavares in ANAHEIM OUTLAWS zone. 10:06 of 1st period - Boone Jenner beats up Matt Benning. 10:06 of 1st period - Penalty to Matt Benning for Fighting. 10:06 of 1st period - Penalty to Boone Jenner for Fighting. 10:07 of 1st period - John Tavares wins face-off versus Ivan Barbashev in ANAHEIM OUTLAWS zone. 10:14 of 1st period - Morgan Rielly is hit by Ivan Barbashev and loses puck. 10:38 of 1st period - Minor Penalty to Jack Johnson for Interference. 10:39 of 1st period - Ryan O'Reilly wins face-off versus Jordan Staal in EDMONTON ICE zone. 11:04 of 1st period - Shot by Jordan Staal. 11:04 of 1st period - Stopped by Philipp Grubauer without a rebound. 11:05 of 1st period - Ryan O'Reilly wins face-off versus John Tavares in EDMONTON ICE zone. 11:16 of 1st period - Shot by Jake DeBrusk. 11:16 of 1st period - Stopped by Philipp Grubauer with a rebound. 11:18 of 1st period - Shot by Morgan Rielly. 11:18 of 1st period - Stopped by Philipp Grubauer without a rebound. 11:19 of 1st period - Jordan Staal wins face-off versus Mikko Koivu in EDMONTON ICE zone. 12:13 of 1st period - Icing by Jordan Staal. 12:14 of 1st period - Mikko Koivu wins face-off versus Adrian Kempe in ANAHEIM OUTLAWS zone. 12:20 of 1st period - Icing by Morgan Rielly. 12:21 of 1st period - Jordan Staal wins face-off versus Mikko Koivu in ANAHEIM OUTLAWS zone. 13:35 of 1st period - Shot by Jaden Schwartz. 13:35 of 1st period - Goal by Jaden Schwartz - EDMONTON ICE : 1 - ANAHEIM OUTLAWS : 0. 13:36 of 1st period - Sam Bennett wins face-off versus Ryan O'Reilly in neutral zone. 14:40 of 1st period - Icing by Ryan Graves. 14:41 of 1st period - Mikko Koivu wins face-off versus Jordan Staal in EDMONTON ICE zone. 16:22 of 1st period - Keith Yandle is hit by Anthony Mantha and loses puck. 16:45 of 1st period - Off-side. 16:46 of 1st period - Frederik Gauthier wins face-off versus Mathieu Perreault in neutral zone. 17:03 of 1st period - Shot by Shea Theodore. 17:03 of 1st period - Stopped by Mackenzie Blackwood without a rebound. 17:04 of 1st period - Joel Eriksson Ek wins face-off versus Jordan Staal in ANAHEIM OUTLAWS zone. 18:25 of 1st period - Shot by Sam Bennett. 18:25 of 1st period - Stopped by Philipp Grubauer without a rebound. 18:26 of 1st period - John Tavares wins face-off versus Mathieu Perreault in EDMONTON ICE zone. Goals for this period are 1 for EDMONTON ICE vs 0 for ANAHEIM OUTLAWS. Shots for this period are 7 for EDMONTON ICE vs 8 for ANAHEIM OUTLAWS. 2nd period 0:01 of 2nd period - Joel Eriksson Ek wins face-off versus Jordan Staal in neutral zone. 0:05 of 2nd period - Timo Meier is hit by Keith Yandle and loses puck. 0:22 of 2nd period - Shot by Joel Eriksson Ek. 0:22 of 2nd period - Shot Misses the Net. 0:24 of 2nd period - Shot by Jeff Petry. 0:24 of 2nd period - Stopped by Mackenzie Blackwood without a rebound. 0:25 of 2nd period - John Tavares wins face-off versus Ryan O'Reilly in ANAHEIM OUTLAWS zone. 0:39 of 2nd period - Shot by John